AA
SIOUX CITY EXPLORERS @ GARY SOUTHSHORE RAILCATS
08/29/2039
 
TOP OF THE 1ST
Sioux City Explorers batting - Pitching for Gary SouthShore RailCats : RHP Eric Arens
Pitching: RHP Eric Arens
Batting: SHB Danny Morales 0-0: Called Strike
0-1: DOUBLE (Flyball, 8LXD, EV 96.9 MPH)
Batting: RHB Josh Ansley 0-0: Ball
1-0: Ground out 4-3 (Groundball, 34D, EV 93.1 MPH)
Danny Morales to third
Batting: RHB Joe Ritzinger 0-0: Foul Ball, location: 5F
0-1: Foul Ball, location: 25F
0-2: Fly out, F9 (Flyball, 9D, EV 111.3 MPH)
Runner from 3rd tags up, OUT at HOME! 9-2
Top of the 1st over - 0 runs, 1 hit, 0 errors, 0 left on base; Sioux City 0 - Gary SouthShore 0
BOTTOM OF THE 1ST
Gary SouthShore RailCats batting - Pitching for Sioux City Explorers : LHP Alex Barranco
Pitching: LHP Alex Barranco
Batting: SHB Josh Reckinger 0-0: Ball
1-0: Ball
2-0: Ground out 6-3 (Groundball, 56, EV 90.0 MPH)
Batting: LHB Juan Ruiz 0-0: Ball
1-0: Foul Ball, location: 7LSF
1-1: Foul Ball, location: 2F
1-2: SINGLE (Line Drive, 9S, EV 93.1 MPH)
Batting: RHB Javier Rivas 0-0: Called Strike
0-1: Ball
1-1: Called Strike
1-2: Fly out, F7 (Flyball, 78M, EV 92.5 MPH)
Batting: RHB Alan Nolan 0-0: Ball
1-0: Foul Ball, location: 25F
1-1: SINGLE (Line Drive, 4M, EV 95.6 MPH)
Juan Ruiz to second
Runner from 2nd tries for 3rd, SAFE, no throw by CF
Batting: LHB Mike Delgado 0-0: Called Strike
0-1: Called Strike
0-2: Fly out, F9 (Flyball, 9S, EV 90.0 MPH)
Bottom of the 1st over - 0 runs, 2 hits, 0 errors, 2 left on base; Sioux City 0 - Gary SouthShore 0
TOP OF THE 2ND
Sioux City Explorers batting - Pitching for Gary SouthShore RailCats : RHP Eric Arens
Batting: RHB Branden Tippett 0-0: Called Strike
0-1: Foul Ball, location: 2F
0-2: SINGLE (Groundball, 56, EV 83.8 MPH)
Batting: SHB Ian Schmidt 0-0: Foul Ball, location: 2F
0-1: Ball
1-1: Fly out, F6 (Popup, 6, EV 73.8 MPH)
Batting: RHB Tim Hawkins 0-0: Fly out, F9 (Flyball, 89S, EV 90.6 MPH)
Batting: LHB Frank Garza 0-0: Ball
1-0: Ball
2-0: Ball
3-0: Base on Balls
Branden Tippett to second
Batting: RHB Kurt Malone 0-0: Called Strike
0-1: Foul Ball, location: 2F
0-2: Ball
1-2: Foul Ball, location: 2F
1-2: Foul Ball, location: 7LMFF
1-2: Strikes out looking
Top of the 2nd over - 0 runs, 1 hit, 0 errors, 2 left on base; Sioux City 0 - Gary SouthShore 0
BOTTOM OF THE 2ND
Gary SouthShore RailCats batting - Pitching for Sioux City Explorers : LHP Alex Barranco
Batting: SHB Yordys Valdes 0-0: Ball
1-0: Foul Ball, location: 3FF
1-1: Fly out, F9 (Flyball, 89M, EV 87.5 MPH)
Batting: SHB Kevin Banegas 0-0: SINGLE (Line Drive, 8RS, EV 106.3 MPH)
Batting: SHB Jesus Benavides 0-0: Fly out, F7 (Flyball, 78S, EV 88.1 MPH)
Batting: RHB Eric Arens 0-0: Foul Ball, location: 5FF
0-1: Called Strike
0-2: Fly out, F9 (Flyball, 89D, EV 90.6 MPH)
Bottom of the 2nd over - 0 runs, 1 hit, 0 errors, 1 left on base; Sioux City 0 - Gary SouthShore 0
TOP OF THE 3RD
Sioux City Explorers batting - Pitching for Gary SouthShore RailCats : RHP Eric Arens
Batting: LHB Alex Barranco 0-0: Called Strike
0-1: Ball
1-1: Ball
2-1: Ball
3-1: Foul Ball, location: 3SF
3-2: Base on Balls
Batting: SHB Danny Morales 0-0: Ball
1-0: Fly out, F9 (Flyball, 9D, EV 96.9 MPH)
Batting: RHB Josh Ansley 0-0: Ball
1-0: Called Strike
1-1: Called Strike
1-2: Strikes out swinging
Batting: RHB Joe Ritzinger 0-0: Ball
1-0: Called Strike
1-1: Ball
2-1: Foul Ball, location: 2F
2-2: Foul Ball, location: 2F
2-2: Ball
3-2: Foul Ball, location: 9LMF
3-2: Base on Balls
Alex Barranco to second
Batting: RHB Branden Tippett 0-0: Swinging Strike
0-1: Swinging Strike
0-2: Ball
1-2: Strikes out swinging
Top of the 3rd over - 0 runs, 0 hits, 0 errors, 2 left on base; Sioux City 0 - Gary SouthShore 0
BOTTOM OF THE 3RD
Gary SouthShore RailCats batting - Pitching for Sioux City Explorers : LHP Alex Barranco
Batting: SHB Josh Reckinger 0-0: Ball
1-0: Ball
2-0: Ball
3-0: Base on Balls
Batting: LHB Juan Ruiz 0-0: Swinging Strike
0-1: Foul Ball, location: 3FF
0-2: Foul Ball, location: 23FF
0-2: Ball
1-2: Ball
2-2: Ball
3-2: Base on Balls
Josh Reckinger to second
Batting: RHB Javier Rivas 0-0: SINGLE (Groundball, 6MD, EV 97.5 MPH)
Josh Reckinger to third
Juan Ruiz to second
Batting: RHB Alan Nolan 0-0: Ball
1-0: Ball
2-0: Called Strike
2-1: Grounds into double play, 6-4-3 (Groundball, 6, EV 90.6 MPH)
Josh Reckinger scores
Juan Ruiz to third
Batting: LHB Mike Delgado 0-0: Ground out 4-3 (Groundball, 4, EV 107.5 MPH)
Bottom of the 3rd over - 1 run, 1 hit, 0 errors, 1 left on base; Sioux City 0 - Gary SouthShore 1
TOP OF THE 4TH
Sioux City Explorers batting - Pitching for Gary SouthShore RailCats : RHP Eric Arens
Batting: SHB Ian Schmidt 0-0: Fly out, F6 (Line Drive, 6, EV 74.4 MPH)
Batting: RHB Tim Hawkins 0-0: Ball
1-0: Ball
2-0: Foul Ball, location: 25FF
2-1: Fly out, F2 (Popup, 2LF, EV 88.8 MPH)
Batting: LHB Frank Garza 0-0: Ball
1-0: Called Strike
1-1: Called Strike
1-2: Foul Ball, location: 23F
1-2: Foul Ball, location: 7LDF
1-2: Fly out, F2 (Popup, 3SF, EV 85.0 MPH)
Top of the 4th over - 0 runs, 0 hits, 0 errors, 0 left on base; Sioux City 0 - Gary SouthShore 1
BOTTOM OF THE 4TH
Gary SouthShore RailCats batting - Pitching for Sioux City Explorers : LHP Alex Barranco
Batting: SHB Yordys Valdes 0-0: Called Strike
0-1: Called Strike
0-2: Strikes out swinging
Batting: SHB Kevin Banegas 0-0: Ball
1-0: Ground out 5-3 (Groundball, 56S, EV 86.9 MPH)
Batting: SHB Jesus Benavides 0-0: Ball
1-0: Called Strike
1-1: Ground out U3 (Groundball, 34, EV 105.0 MPH)
Bottom of the 4th over - 0 runs, 0 hits, 0 errors, 0 left on base; Sioux City 0 - Gary SouthShore 1
TOP OF THE 5TH
Sioux City Explorers batting - Pitching for Gary SouthShore RailCats : RHP Eric Arens
Batting: RHB Kurt Malone 0-0: SINGLE (Line Drive, 9S, EV 111.3 MPH)
Batting: LHB Alex Barranco 0-0: Bunt missed!
0-1: Bunted foul
0-2: Sac Bunt to 2R - play at first, batter OUT! 2-4
Kurt Malone to second
Batting: SHB Danny Morales 0-0: Ground out 4-3 (Groundball, 4, EV 77.5 MPH)
Kurt Malone to third
Batting: RHB Josh Ansley 0-0: Ball
1-0: Called Strike
1-1: Ground out 5-3 (Groundball, 56, EV 108.8 MPH)
Top of the 5th over - 0 runs, 1 hit, 0 errors, 1 left on base; Sioux City 0 - Gary SouthShore 1
BOTTOM OF THE 5TH
Gary SouthShore RailCats batting - Pitching for Sioux City Explorers : LHP Alex Barranco
Batting: RHB Eric Arens 0-0: Ball
1-0: SINGLE (Line Drive, 7LS, EV 90.0 MPH)
Batting: SHB Josh Reckinger 0-0: Ball
1-0: Ball
2-0: Ball
3-0: Base on Balls
Eric Arens to second
Batting: LHB Juan Ruiz 0-0: Fielders Choice at 2nd, 4-6 (Groundball, 4, EV 81.3 MPH)
Eric Arens to third
Batting: RHB Javier Rivas 0-0: Called Strike
0-1: Fly out, F8 (Flyball, 8RM, EV 95.6 MPH)
Runner from 3rd tags up, SCORES, throw by CF
Batting: RHB Alan Nolan 0-0: Fly out, F7 (Flyball, 7, EV 86.9 MPH)
Bottom of the 5th over - 1 run, 1 hit, 0 errors, 1 left on base; Sioux City 0 - Gary SouthShore 2
TOP OF THE 6TH
Sioux City Explorers batting - Pitching for Gary SouthShore RailCats : RHP Eric Arens
Batting: RHB Joe Ritzinger 0-0: Ground out 6-3 (Groundball, 6, EV 76.9 MPH)
Batting: RHB Branden Tippett 0-0: Ball
1-0: Ground out 5-3 (Groundball, 5, EV 98.1 MPH)
Batting: SHB Ian Schmidt 0-0: Ball
1-0: Ball
2-0: Ball
3-0: Called Strike
3-1: Called Strike
3-2: Strikes out swinging
Top of the 6th over - 0 runs, 0 hits, 0 errors, 0 left on base; Sioux City 0 - Gary SouthShore 2
BOTTOM OF THE 6TH
Gary SouthShore RailCats batting - Pitching for Sioux City Explorers : LHP Alex Barranco
Batting: LHB Mike Delgado 0-0: Called Strike
0-1: Foul Ball, location: 23F
0-2: Ball
1-2: Ball
2-2: Foul Ball, location: 3FF
2-2: Foul Ball, location: 7LSF
2-2: Ball
3-2: Base on Balls
Batting: SHB Yordys Valdes 0-0: Ball
1-0: Ball
2-0: Ball
3-0: Called Strike
3-1: Base on Balls
Mike Delgado to second
Batting: SHB Kevin Banegas 0-0: Ball
1-0: Called Strike
1-1: Ball
2-1: Swinging Strike
2-2: Foul Ball, location: 2F
2-2: Ball
3-2: Strikes out swinging
Batting: SHB Jesus Benavides 0-0: Called Strike
0-1: Hit by Pitch
Mike Delgado to third
Yordys Valdes to second
Batting: RHB Eric Arens 0-0: Called Strike
0-1: SINGLE (Flyball, 8RS, EV 95.0 MPH)
Mike Delgado scores
Yordys Valdes to third
Jesus Benavides to second
Batting: SHB Josh Reckinger 0-0: Foul Ball, location: 2F
0-1: Ball
1-1: Called Strike
1-2: Ball
2-2: Ball
3-2: Strikes out swinging
Batting: LHB Juan Ruiz 0-0: Called Strike
0-1: Ball
1-1: Ball
2-1: Ball
3-1: SINGLE (Groundball, 4MD, EV 98.1 MPH)
Yordys Valdes scores
Jesus Benavides to third
Eric Arens to second
Runner from 3rd tries for Home, SAFE, throw by CF to home
Pitching: RHP Micah Lee
Batting: RHB Javier Rivas 0-0: Ball
1-0: Called Strike
1-1: Fly out, F7 (Flyball, 78XD, EV 106.3 MPH)
Bottom of the 6th over - 3 runs, 2 hits, 0 errors, 2 left on base; Sioux City 0 - Gary SouthShore 5
TOP OF THE 7TH
Sioux City Explorers batting - Pitching for Gary SouthShore RailCats : RHP Eric Arens
Batting: RHB Tim Hawkins 0-0: Foul Ball, location: 3SF
0-1: Ball
1-1: Ball
2-1: Called Strike
2-2: Ball
3-2: Foul Ball, location: 2F
3-2: Fly out, F3 (Popup, 34, EV 66.3 MPH)
Batting: LHB Frank Garza 0-0: Ball
1-0: Swinging Strike
1-1: Swinging Strike
1-2: Strikes out swinging, 2-3 out at first.
Batting: RHB Kurt Malone 0-0: Ball
1-0: Ball
2-0: Ball
3-0: Called Strike
3-1: Called Strike
3-2: SINGLE (Groundball, 4MS, EV 64.4 MPH) (infield hit)
Pinch Hitting: LHB Jonathan Calderon 0-0: Ball
1-0: Ground out U3 (Groundball, 3, EV 96.3 MPH)
Top of the 7th over - 0 runs, 1 hit, 0 errors, 1 left on base; Sioux City 0 - Gary SouthShore 5
BOTTOM OF THE 7TH
Gary SouthShore RailCats batting - Pitching for Sioux City Explorers : RHP Micah Lee
Pitching: RHP Danny Ibarra
Batting: RHB Alan Nolan 0-0: Ball
1-0: SINGLE (Groundball, 34D, EV 102.5 MPH)
Batting: LHB Mike Delgado 0-0: Called Strike
0-1: Swinging Strike
0-2: Grounds into double play, 4-6-3 (Groundball, 4, EV 77.5 MPH)
Batting: SHB Yordys Valdes 0-0: Ball
1-0: Foul Ball, location: 5SF
1-1: DOUBLE (Flyball, 8LXD, EV 105.0 MPH)
Batting: SHB Kevin Banegas 0-0: Called Strike
0-1: Ball
1-1: SINGLE (Groundball, 6MD, EV 98.1 MPH)
Yordys Valdes to third
Runner from 3rd tries for Home, SAFE, throw by CF to home
Batting: SHB Jesus Benavides 0-0: Ground out 4-3 (Groundball, 34, EV 102.5 MPH)
Bottom of the 7th over - 1 run, 3 hits, 0 errors, 1 left on base; Sioux City 0 - Gary SouthShore 6
TOP OF THE 8TH
Sioux City Explorers batting - Pitching for Gary SouthShore RailCats : RHP Eric Arens
Pitching: RHP Nate Tortolano
Batting: SHB Danny Morales 0-0: Called Strike
0-1: Ball
1-1: Ball
2-1: Swinging Strike
2-2: Strikes out swinging, 2-3 out at first.
Batting: RHB Josh Ansley 0-0: Called Strike
0-1: Fly out, F9 (Line Drive, 89D, EV 100.6 MPH)
Batting: RHB Joe Ritzinger 0-0: Fly out, F8 (Flyball, 89D, EV 101.9 MPH)
Top of the 8th over - 0 runs, 0 hits, 0 errors, 0 left on base; Sioux City 0 - Gary SouthShore 6
BOTTOM OF THE 8TH
Gary SouthShore RailCats batting - Pitching for Sioux City Explorers : RHP Danny Ibarra
Pinch Hitting: LHB Gabe Rivas 0-0: Ball
1-0: Foul Ball, location: 2F
1-1: Ball
2-1: Ball
3-1: Foul Ball, location: 2F
3-2: Fly out, F8 (Flyball, 8RM, EV 89.4 MPH)
Batting: SHB Josh Reckinger 0-0: Ball
1-0: Foul Ball, location: 2F
1-1: Called Strike
1-2: Ball
2-2: Foul Ball, location: 7LSF
2-2: Ground out U3 (Groundball, 34, EV 98.8 MPH)
Batting: LHB Juan Ruiz 0-0: Swinging Strike
0-1: Foul Ball, location: 9LSF
0-2: Strikes out swinging
Bottom of the 8th over - 0 runs, 0 hits, 0 errors, 0 left on base; Sioux City 0 - Gary SouthShore 6
TOP OF THE 9TH
Sioux City Explorers batting - Pitching for Gary SouthShore RailCats : RHP Nate Tortolano
Pitching: RHP Willie Diaz
Batting: RHB Branden Tippett 0-0: Fly out, F3 (Popup, 3SF, EV 81.3 MPH)
Batting: SHB Ian Schmidt 0-0: Ground out U3 (Groundball, 3, EV 85.0 MPH)
Batting: RHB Tim Hawkins 0-0: Foul Ball, location: 9LDF
0-1: Ball
1-1: Called Strike
1-2: Ball
2-2: SINGLE (Line Drive, 3D, EV 103.8 MPH)
Batting: LHB Frank Garza 0-0: Ball
1-0: Ball
2-0: Called Strike
2-1: Ball
3-1: Ground out 4-3 (Groundball, 4, EV 101.3 MPH)
Top of the 9th over - 0 runs, 1 hit, 0 errors, 1 left on base; Sioux City 0 - Gary SouthShore 6
Wednesday, April 17th , 2024 - OOTP Baseball 24.10 Build 82